 Dungeon Crawl Stone Soup version 0.28-a0-8-g6e044cfa68 (console) character file.

Game seed: 5352491654876615620

9058 jejorda2 the Severer (level 11, -2/89 HPs)
             Began as a Minotaur Berserker on July 23, 2021.
             Was an Elder of Trog.
             Slain by an ice devil (14 damage)
             ... on level 10 of the Dungeon.
             The game lasted 00:18:51 (9015 turns).

jejorda2 the Severer (Minotaur Berserker)           Turns: 9015, Time: 00:18:52

Health: -2/89      AC: 21    Str: 25    XL:     11   Next: 18%
Magic:  10/10      EV:  7    Int:  4    God:    Trog [****..]
Gold:   440        SH:  0    Dex: 10    Spells: 10/10 levels left

rFire   . . .      SeeInvis .   y - +2 battleaxe (freeze)
rCold   . . .      Faith    .   (shield currently unavailable)
rNeg    . . .      Spirit   .   f - +0 plate armour
rPois   +          Reflect  .   (helmet restricted)
rElec   .          Harm     .   q - +2 cloak {rCorr}
rCorr   +          Rampage  .   c - +3 pair of gloves of Watchfulness {+Blink rPois Will+}
Will    +....                   t - +0 pair of boots
Stlth   ..........              (no amulet)
HPRegen 0.24/turn               (no ring)
MPRegen 0.12/turn               (no ring)

@: about to teleport, on berserk cooldown, slowed, very slow
A: horns 2, retaliatory headbutt
a: Renounce Religion, Evoke Blink, Berserk, Trog's Hand, Brothers in Arms


You were on level 10 of the Dungeon.
You worshipped Trog.
Trog was greatly pleased with you.
You visited 2 branches of the dungeon, and saw 11 of its levels.

You collected 499 gold pieces.
You spent 59 gold pieces at shops.

Inventory:

Hand Weapons
 a - a +2 hand axe of electrocution
 b - a +1 battleaxe of flaming
 o - a +0 trident
 r - a +0 shortbow
 y - a +2 battleaxe of freezing (weapon)
Missiles
 j - 204 arrows
 k - 37 poisoned darts (quivered)
 l - 2 boomerangs of dispersal
 m - 5 atropa-tipped darts
Armour
 c - the +3 pair of gloves of Watchfulness (worn) {+Blink rPois Will+}
   (You acquired it on level 6 of the Dungeon)

   rPois:     It protects you from poison.
   +Blink:    It lets you blink.
   Will:      It increases your willpower.
 f - a +0 plate armour (worn)
 q - a +2 cloak of preservation (worn)
 t - a +0 pair of boots (worn)
Wands
 g - a wand of polymorph (6)
 s - a wand of mindburst (30)
Scrolls
 d - a scroll of immolation
 p - a scroll of enchant armour
 v - 2 scrolls of teleportation
 x - 3 scrolls of identify
Potions
 e - 4 potions of curing
 h - a potion of haste
 n - 5 potions of attraction
 u - a potion of cancellation
 B - a potion of flight
Miscellaneous
 A - a lightning rod (4/4)


   Skills:
 - Level 6.0 Fighting
 * Level 16.0(16.4) Axes
 - Level 6.2(12.2) Polearms
 - Level 6.0 Armour
 - Level 2.1 Dodging
 - Level 6.0 Evocations


You had 10 spell levels left.
You didn't know any spells.
Your spell library was empty.

Dungeon Overview and Level Annotations

Branches:
Dungeon (10/15)            Temple (1/1) D:6
   Lair: D:8-11         Orc: D:9-12

Altars:
Gozag
Hepliaklqana
Qazlal
Ru

Shops:
D:9 *

Portals:
Trove: D:10 (give 17 potions of curing)


Innate Abilities, Weirdness & Mutations

You have a pair of horns on your head.
You reflexively headbutt those who attack you in melee.


Message History

You slash the deep elf pyromancer!
You feel the power of Trog in you as your rage grows.
You kill the deep elf pyromancer!
Trog accepts your kill.
Trog appreciates your killing of a magic user.
Your +2 hand axe of electrocution stops crackling.
Your +2 battleaxe of freezing glows with a cold blue light!
y - a +2 battleaxe of freezing (weapon)
You hit the gargoyle but do no damage. You slice the gargoyle!!
You freeze the gargoyle.
You destroy the gargoyle!
Trog accepts your kill.
You barely miss the gargoyle.
You headbutt the gargoyle, but do no damage.
Your skin stops crawling.
You feel less strong-willed.
Your plate armour prevents you from hitting the gargoyle.
The gargoyle hits you but does no damage.
You barely miss the gargoyle.
The gargoyle hits you but does no damage.
You slash the gargoyle! You freeze the gargoyle.
The gargoyle is heavily damaged.
You slice the gargoyle!! You freeze the gargoyle!
You destroy the gargoyle!
Trog accepts your kill.
Your Axes skill increases to level 16!
You are no longer berserk.
You are exhausted.
You feel yourself slow down.
The steam dragon bites you but does no damage.
The steam dragon claws you but does no damage.
There is an open door, spattered with blood here.
Items here: ))))) [ †.
As you read the scroll of fear, it crumbles to dust.
You assume a fearsome visage.
The steam dragon looks frightened!
Unknown command.
As you read the scroll of teleportation, it crumbles to dust.
You feel strangely unstable. The ice devil hits you.
* * * LOW HITPOINT WARNING * * *
The ice devil freezes you!
You die...

#.#.# #####.#.....##.# #.#.#
##.....#.....##.#######
#.#.###.#...####............#
#<....'###..########.....(..#
##.#####.##...# #....[...#
#.# ##§..###.## #........#
#.###.§..§##..# #........#
..####...####.# #........#
#+#..##.##E.#@# #........#
..O###...4## #........#
...###...) #........# .#
##D.. #.######## .'#.. #.
...### ## ... ## §# .. ≈#


You could see an ice devil and a steam dragon (fleeing).

Vanquished Creatures
  2 boulder beetles
  2 two-headed ogres (D:10)
  Pikel (D:7)
  A deep elf pyromancer (D:10)
  Joseph (D:7)
  2 gargoyles (D:10)
  An unseen horror (D:10)
  3 yaks (D:10)
  A wyvern (D:9)
  2 wraiths (D:9)
  A fire elemental (D:10)
  Menkaure (D:6)
  A water moccasin (D:7)
  The ghost of poopooman the Skirmisher, an amateur OgFi (D:4)
  3 orc warriors
  A sky beast (D:5)
  2 ice beasts (D:5)
  2 black bears
  An ogre (D:4)
  2 centaurs
  2 lemures (D:7)
  A kobold brigand (D:9)
  3 bullfrogs
  4 scorpions
  6 killer bees (D:9)
  17 wights
  A centaur zombie (D:5)
  5 orc priests
  2 jellies
  3 hounds
  2 bullfrog skeletons
  A centaur skeleton (D:6)
  An iguana (D:6)
  2 orc wizards
  A hound skeleton (D:2)
  4 adders
  7 gnolls
  A shadow imp (D:6)
  An ufetubus (D:5)
  An adder skeleton (D:4)
  A worm (D:2)
  2 dart slugs
  28 orcs
  8 bats
  6 endoplasms
  3 giant cockroaches
  10 goblins
  8 hobgoblins
  4 quokkas
  5 ball pythons
  4 frilled lizards
  12 kobolds
  4 rats
191 creatures vanquished.

Notes
Turn   | Place    | Note
-------+----------+-------------------------------------------
     0 | D:1      | jejorda2 the Minotaur Berserker began the quest for the
                  | Orb.
     0 | D:1      | Reached XP level 1. HP: 19/19 MP: 0/0
   187 | D:1      | Reached XP level 2. HP: 18/27 MP: 1/1
   481 | D:1      | Found a faded altar of an unknown god.
   697 | D:1      | Reached XP level 3. HP: 31/33 MP: 2/2
   896 | D:2      | Reached ** piety under Trog
  1026 | D:2      | Reached XP level 4. HP: 38/41 MP: 3/3
  1094 | D:2      | Reached skill level 5 in Polearms
  2502 | D:4      | Found a large runed translucent door.
  2503 | D:4      | Found a large runed translucent door.
  2561 | D:4      | Noticed an ogre
  2567 | D:4      | Killed an ogre
  2568 | D:4      | Reached XP level 5. HP: 47/47 MP: 4/4
  2628 | D:4      | Reached skill level 5 in Fighting
  2758 | D:4      | Reached *** piety under Trog
  2763 | D:4      | Reached XP level 6. HP: 56/56 MP: 5/5
  2900 | D:4      | Reached skill level 1 in Axes
  3098 | D:4      | Reached skill level 2 in Axes
  3328 | D:4      | Noticed poopooman's ghost (amateur OgFi)
  3341 | D:4      | Killed poopooman's ghost
  3342 | D:4      | Reached skill level 3 in Axes
  3342 | D:4      | Reached skill level 5 in Armour
  3342 | D:4      | Reached XP level 7. HP: 54/62 MP: 6/6
  3397 | D:5      | Entered Level 5 of the Dungeon
  3460 | D:5      | Reached skill level 4 in Axes
  3540 | D:5      | Reached skill level 5 in Axes
  3543 | D:5      | Identified the +0 ring mail of Somewhere Else {+Inv Stlth+}
  3716 | D:5      | Reached skill level 6 in Axes
  3808 | D:5      | Reached XP level 8. HP: 70/70 MP: 7/7
  3944 | D:5      | Found a hazy altar of Hepliaklqana.
  3946 | D:5      | Found a stormy altar of Qazlal.
  4029 | D:5      | Reached skill level 7 in Axes
  4265 | D:6      | Found a sacrificial altar of Ru.
  4433 | D:6      | Identified a scroll of acquirement
  4433 | D:6      | Acquired the +3 pair of gloves of Watchfulness {+Blink
                  | rPois Will+}
  4521 | D:6      | Found a staircase to the Ecumenical Temple.
  4537 | D:6      | Reached skill level 8 in Axes
  4537 | D:6      | Reached skill level 1 in Evocations
  4541 | Temple   | Entered the Ecumenical Temple
  4900 | D:6      | Found an opulent altar of Gozag.
  4908 | D:6      | Noticed Menkaure
  4916 | D:6      | Killed Menkaure
  5286 | D:6      | Reached skill level 9 in Axes
  5668 | D:7      | Noticed Joseph
  5688 | D:7      | Killed Joseph
  5956 | D:7      | Reached XP level 9. HP: 74/74 MP: 8/8
  5963 | D:7      | Reached skill level 10 in Axes
  5968 | D:7      | Reached **** piety under Trog
  6308 | D:7      | Noticed Pikel
  6319 | D:7      | Killed Pikel
  6320 | D:7      | Reached skill level 11 in Axes
  7230 | D:9      | Noticed a boulder beetle
  7236 | D:9      | Found Zoiky's General Store.
  7554 | D:9      | Killed a boulder beetle
  7555 | D:9      | Reached skill level 12 in Axes
  7555 | D:9      | Reached skill level 5 in Evocations
  7555 | D:9      | Reached XP level 10. HP: 66/83 MP: 9/9
  7630 | D:9      | Bought a scroll of fear for 59 gold pieces
  8002 | D:9      | Reached skill level 13 in Axes
  8376 | D:10     | Entered Level 10 of the Dungeon
  8395 | D:10     | Noticed a two-headed ogre
  8405 | D:10     | Killed a two-headed ogre
  8406 | D:10     | Reached skill level 14 in Axes
  8821 | D:10     | Found a portal to a secret trove of treasure.
  8961 | D:10     | Noticed a two-headed ogre
  8966 | D:10     | Identified the +2 lajatang of Excruciating Pain {freeze,
                  | rF+ rC+ rN+}
  8966 | D:10     | Noticed a deep elf pyromancer
  8969 | D:10     | Noticed a boulder beetle
  8970 | D:10     | Noticed a gargoyle
  8977 | D:10     | Noticed a gargoyle
  8981 | D:10     | HP: 2/83 [fire elemental (12)]
  8994 | D:10     | Killed a two-headed ogre
  8995 | D:10     | Reached skill level 15 in Axes
  9001 | D:10     | Killed a boulder beetle
  9002 | D:10     | Reached XP level 11. HP: 14/89 MP: 10/10
  9004 | D:10     | Killed a deep elf pyromancer
  9013 | D:10     | Reached skill level 16 in Axes
  9015 | D:10     | Slain by an ice devil

Illustrated notes

Levels and vault maps discovered:
D:1:      lightli_arrival_chessboard, layout_rooms,
          shapermc_ecumenical_altar_totnotflames, minmay_tall_x
D:2:      layout_loops_ring
D:3:      layout_basic
D:4:      layout_gridville, ebering_ghost_disaster_area,
          kennysheep_generic_room_14
D:5:      layout_loops_ring, minitemple, mrwooster_statue_mirror
D:6:      layout_basic, mainiacjoe_overflow_catch_the_wave,
          minmay_temple_entry_water_ring, uniq_menkaure
D:7:      layout_gridville, uniq_joseph, uniq_pikel
D:8:      layout_basic
D:9:      layout_roguey, serial_shops, shop_statue
D:10:     layout_basic, enter_trove_0, dilly_guarded_unrand_elemental_staff
Temple:   dpeg_five_rooms_temple

Skill      XL: |  1  2  3  4  5  6  7  8  9 10 11 |
---------------+----------------------------------+-----
Polearms       | 4 6 |  6.2
Fighting       | 4 5 6 |  6.0
Armour         | 3 4 5 6 |  6.0
Axes           | 3 6 9 12 15 16 | 16.0
Evocations     | 3 5 6 |  6.0
Dodging        | |  2.1

Action                   |  1- 3 |  4- 6 |  7- 9 | 10-12 || total
-------------------------+-------+-------+-------+-------++-------
Melee: Spear             |    94 |    18 |       |       ||   112
       Headbutt          |    11 |    17 |    45 |    34 ||   107
       Trident           |       |    61 |       |       ||    61
       Hand axe          |       |    49 |   175 |   140 ||   364
       Battleaxe         |       |       |       |    14 ||    14
Throw: Dart              |       |       |     3 |     2 ||     5
Invok: Berserk           |     1 |     2 |     5 |     2 ||    10
       Trog's Hand       |       |       |     1 |     1 ||     2
  Use: Scroll            |       |       |    12 |     7 ||    19
       Potion            |       |       |       |     2 ||     2
Armor: Animal skin       |     7 |       |       |       ||     7
       Chain mail        |    10 |       |       |       ||    10
       Plate armour      |    15 |    75 |    85 |    89 ||   264
Dodge: Dodged            |    26 |    39 |    56 |    30 ||   151

Table legend: (Time is in decaauts)
 A = Elapsed time spent in this place.
 B = Non-inter-level travel time spent in this place.
 C = Inter-level travel time spent in this place.
 D = Time resting spent in this place.
 E = Time spent auto-exploring this place.
 F = Levels seen in this place.
 G = Mean time per level.
                   A        B        C        D        E       F      G
               +--------+--------+--------+--------+--------+-----+--------+
         Total |   9018 |   8540 |    478 |    669 |   6779 |  11 |  819.8 |
       Dungeon |   8958 |   8480 |    478 |    610 |   6779 |  10 |  895.8 |
        Temple |     60 |     60 |      0 |     59 |      0 |   1 |   60.0 |
               +--------+--------+--------+--------+--------+-----+--------+

Top non-repeatable levels by time:
     D:6: 1290 daAuts
     D:7: 1063 daAuts
     D:4: 951 daAuts
     D:5: 902 daAuts
     D:9: 863 daAuts
     D:2: 829 daAuts
     D:1: 822 daAuts
     D:3: 817 daAuts
     D:8: 797 daAuts
    D:10: 619 daAuts
  Temple: 60 daAuts
